[Event "Titled Tuesday Blitz May 23 Early 2023"]
[White "Fierro Baquero, Martha L."]
[Black "Matinian, Nikita"]
[WhiteFideId "3600270"]
[BlackFideId "24129100"]
[WhiteElo "2259"]
[BlackElo "2422"]
[Result "0-1"]
[Round "01"]
[TimeControl "180+2"]
[Date "2023.05.23"]
[WhiteClock "0:00:08"]
[BlackClock "0:01:21"]

1. g3 e5 2. Bg2 Nc6 3. c4 h5 4. h4 g6 5. Nc3 Bg7 6. Nf3 d6 7. O-O Nge7 8. Rb1 Bg4 9. b4 Qd7 10. b5 Nd8 11. a4 Bh3 12. Nd5 Bxg2 13. Kxg2 c6 14. bxc6 bxc6 15. Nc3 d5 16. cxd5 cxd5 17. Ba3 e4 18. Ng5 Ndc6 19. Nb5 O-O 20. Bb2 Bxb2 21. Rxb2 Rab8 22. Qb1 Nf5 23. d3 Nxh4+ 24. gxh4 Qg4+ 25. Kh2 Qxh4+ 26. Nh3 Ne5 27. f3 exf3 28. exf3 Ng4+ 29. fxg4 hxg4 30. Kg1 gxh3 31. Qe1 Qxe1 32. Rxe1 a6 33. Reb1 axb5 34. axb5 Rb6 35. Kh2 Re8 36. Kxh3 Re3+ 37. Kg4 Rxd3 38. Rc1 Rd4+ 39. Kf3 Kg7 40. Ke3 Re4+ 41. Kd3 Kf6 42. Rc6+ Rxc6 43. bxc6 Rc4 44. Rb6 Ke5 45. Rb7 f5 46. c7 g5 47. Kd2 g4 48. Ke3 f4+ 49. Kf2 Rc2+ 50. Kg1 g3 51. Ra7 f3 52. Ra1 Rxc7 53. Re1+ Kf4 54. Rd1 Rh7 55. Rd4+ Ke3 56. Re4+ dxe4 0-1


[Site "https://www.chess.com"]

[Event "Titled Tuesday Blitz May 23 Early 2023"]
[White "Camilla_Lee"]
[Black "Mestnikov, Aisen"]
[BlackFideId "34130117"]
[WhiteElo "2702"]
[BlackElo "1971"]
[Result "0-1"]
[Round "01"]
[TimeControl "180+2"]
[Date "2023.05.23"]
[WhiteClock "0:00:00"]
[BlackClock "0:00:13"]

1. e4 e5 2. Nf3 Nc6 3. Nc3 Nf6 4. d4 exd4 5. Nd5 d6 6. Nxd4 Nxd5 7. exd5 Ne5 8. Be2 Be7 9. O-O O-O 10. f4 Ng6 11. Be3 Bf6 12. Qd2 Re8 13. Rae1 Nh4 14. g3 Nf5 15. Nxf5 Bxf5 16. c3 Bh3 17. Rf2 Qe7 18. Bf3 Qd7 19. Rfe2 Re7 20. Bf2 Rae8 21. Rxe7 Rxe7 22. Rxe7 Bxe7 23. b3 b6 24. Qe2 Bf6 25. c4 Qe7 26. Qxe7 Bxe7 27. Bd4 Bf6 28. Bxf6 gxf6 29. Be4 Bg4 30. Kf2 Kg7 31. Ke3 f5 32. Bd3 Kf6 33. Kd4 Bf3 34. b4 a5 35. a3 axb4 36. axb4 h6 37. c5 bxc5+ 38. bxc5 Bg2 39. Bb5 Be4 40. Bd7 Kg6 41. Be8 Kf6 42. Bd7 Ke7 43. Bc6 Kf6 44. Ba4 Kg6 45. Bb3 Kh5 46. Bd1+ Kg6 47. Be2 Kf6 48. Bc4 Kg6 49. Ba6 Kh5 50. Be2+ Kg6 51. Bd1 Kf6 52. cxd6 cxd6 53. Bb3 Kg6 54. Ke3 Kh5 55. Bd1+ Kg6 56. Bf3 Bc2 57. Kd4 Kf6 58. Kc4 Be4 59. Bxe4 fxe4 60. Kd4 Kf5 61. Ke3 Kg4 62. Kxe4 Kh3 63. Kf5 Kxh2 64. g4 Kg3 65. g5 h5 66. g6 fxg6+ 67. Kxg6 h4 68. f5 h3 69. f6 h2 70. f7 h1=Q 71. f8=Q Qxd5 72. Qe7 Kf4 73. Qf8+ Ke3 74. Qe7+ Qe4+ 75. Qxe4+ Kxe4 0-1


[Site "https://www.chess.com"]

[Event "Titled Tuesday Blitz May 23 Early 2023"]
[White "Kohler, Aran"]
[Black "Jia, Haoxiang"]
[WhiteFideId "1002856"]
[BlackFideId "8602999"]
[WhiteElo "2394"]
[BlackElo "2702"]
[Result "1-0"]
[Round "01"]
[TimeControl "180+2"]
[Date "2023.05.23"]
[WhiteClock "0:00:07"]
[BlackClock "0:00:17"]

1. d4 Nf6 2. Nf3 g6 3. Bg5 Bg7 4. Nbd2 O-O 5. e3 d6 6. Bd3 c5 7. c3 Nc6 8. h4 h6 9. h5 gxh5 10. Bxf6 Bxf6 11. Rxh5 Bg7 12. Qc2 cxd4 13. exd4 e5 14. Bh7+ Kh8 15. O-O-O exd4 16. Rdh1 dxc3 17. bxc3 Qf6 18. Ne4 Qf4+ 19. Kb1 d5 20. Neg5 f5 21. Bg6 Ne7 22. g3 Qd6 23. Nf7+ Rxf7 24. Bxf7 Qb6+ 25. Kc1 Qf6 26. Ng5 f4 27. Qh7# 1-0


[Site "https://www.chess.com"]

[Event "Titled Tuesday Blitz May 23 Early 2023"]
[White "Martinez Ramirez, Lennis"]
[Black "Fernandez Siles, Luis"]
[WhiteFideId "3509079"]
[BlackFideId "2209420"]
[WhiteElo "2410"]
[BlackElo "2195"]
[Result "1-0"]
[Round "01"]
[TimeControl "180+2"]
[Date "2023.05.23"]
[WhiteClock "0:00:03"]
[BlackClock "0:00:00"]

1. c4 Nf6 2. Nc3 g6 3. e4 d6 4. d4 Bg7 5. f3 O-O 6. Bg5 Nc6 7. d5 Ne5 8. Qd2 c5 9. f4 Ned7 10. Nf3 Ne8 11. Bd3 Nc7 12. O-O Qe8 13. Rae1 e5 14. f5 f6 15. Be3 g5 16. h4 h6 17. hxg5 hxg5 18. Kf2 a6 19. a4 b5 20. cxb5 axb5 21. Nxb5 Nxb5 22. Bxb5 Ba6 23. Rh1 Bxb5 24. axb5 Qb8 25. Qe2 Ra4 26. Nd2 Rb4 27. Qh5 Rc8 28. Qh7+ Kf8 29. Qg6 Nb6 30. Rh7 Qb7 31. Reh1 Qf7 32. Rh8+ Ke7 33. Rxc8 Nxc8 34. Rh7 Qxg6 35. fxg6 Kf8 36. b3 Nb6 37. Rh1 Rxb5 38. Ra1 c4 39. bxc4 Rb2 40. Kf3 Nd7 41. Ra8+ Ke7 42. Ra7 Rc2 43. g4 Rc3 44. Ke2 Bf8 45. c5 dxc5 46. Nf3 Kd6 47. Ra6+ Kc7 48. Rc6+ Kd8 49. Re6 c4 50. Nd2 Bc5 51. g7 1-0


[Site "https://www.chess.com"]

[Event "Titled Tuesday Blitz May 23 Early 2023"]
[White "NLLO777"]
[Black "Javakhadze, Zurab"]
[BlackFideId "13603647"]
[WhiteElo "2390"]
[BlackElo "2381"]
[Result "0-1"]
[Round "01"]
[TimeControl "180+2"]
[Date "2023.05.23"]
[WhiteClock "0:01:10"]
[BlackClock "0:00:37"]

1. d4 d5 2. c4 e6 3. Nf3 Nf6 4. g3 Be7 5. Bg2 O-O 6. O-O a5 7. Nbd2 c6 8. Qc2 b5 9. b3 bxc4 10. bxc4 Ba6 11. Rd1 Nbd7 12. Bf1 c5 13. e4 cxd4 14. cxd5 exd5 15. e5 Ne4 16. Nxe4 dxe4 17. Qxe4 Bxf1 18. Rxf1 Bc5 19. Bg5 Qb6 20. Rab1 Qe6 21. Nxd4 Qxe5 22. Qxe5 Nxe5 23. Be3 Bxd4 24. Kg2 Bxe3 0-1


[Site "https://www.chess.com"]

[Event "Titled Tuesday Blitz May 23 Early 2023"]
[White "Ashraf, Artin"]
[Black "Novikova, Galina"]
[WhiteFideId "22514805"]
[BlackFideId "4157095"]
[WhiteElo "2188"]
[BlackElo "1953"]
[Result "1-0"]
[Round "01"]
[TimeControl "180+2"]
[Date "2023.05.23"]
[WhiteClock "0:00:44"]
[BlackClock "0:00:00"]

1. e4 e6 2. d3 d5 3. Nd2 Nf6 4. g3 g6 5. Bg2 Bg7 6. Ngf3 c5 7. O-O O-O 8. Re1 Nc6 9. c3 a5 10. h3 b5 11. e5 Nd7 12. d4 cxd4 13. cxd4 f6 14. exf6 Qxf6 15. Nb3 a4 16. Bg5 Qf7 17. Nc5 Nxc5 18. dxc5 Bxb2 19. Rb1 a3 20. Bf4 Bd7 21. Ng5 Qf5 22. Nxe6 Bxe6 23. Rxe6 Nd4 24. Re5 Qf6 25. Bxd5+ Kg7 26. Bxa8 Rxa8 27. Kg2 Qc6+ 28. f3 Rd8 29. Re7+ Kf8 30. Bd6 Nf5 31. Rc7+ Rxd6 32. Qxd6+ Qxd6 33. cxd6 Nxd6 34. Rc2 Nc4 35. Kf2 Ke7 36. Ke2 Kd6 37. Kd3 Kc5 38. Re2 Nd6 39. f4 Nc4 40. g4 h5 41. f5 hxg4 42. hxg4 gxf5 43. gxf5 Nd6 44. Rc2+ Nc4 45. Rf2 Bf6 46. Rh1 Ne5+ 47. Kc2 Nc4 48. Rf3 Ne5 49. Rxa3 b4 50. Ra6 Bg5 51. f6 Kb5 52. Re6 Nc4 53. Rh5 1-0


[Site "https://www.chess.com"]

[Event "Titled Tuesday Blitz May 23 Early 2023"]
[White "Hoffmann, Asa"]
[Black "Antal, Gergely"]
[WhiteFideId "2001470"]
[BlackFideId "717312"]
[WhiteElo "2117"]
[BlackElo "2471"]
[Result "1/2-1/2"]
[Round "01"]
[TimeControl "180+2"]
[Date "2023.05.23"]
[WhiteClock "0:00:35"]
[BlackClock "0:00:16"]

1. d4 g6 2. e4 Bg7 3. Be3 a6 4. f3 b5 5. a4 b4 6. Bc4 e6 7. Qd2 h5 8. Ne2 d5 9. Bb3 Bb7 10. Qxb4 Qc8 11. e5 Ne7 12. Qd2 c5 13. c3 O-O 14. h4 Nbc6 15. Bg5 cxd4 16. cxd4 Nf5 17. Nbc3 a5 18. g4 hxg4 19. fxg4 Nfxd4 20. Nxd4 Bxe5 21. Nce2 Nxd4 22. Nxd4 Bg3+ 23. Kf1 e5 24. Kg2 Qxg4 25. Bd1 Qxd4 26. Qxd4 exd4 27. Kxg3 f6 28. Bf4 Rfe8 29. Bf3 Ra6 30. Rhe1 Re4 31. Bxe4 dxe4 32. Rac1 Rb6 33. Rc2 Rb3+ 34. Kh2 Rf3 35. Bg3 d3 36. Rf2 e3 37. Rxf3 Bxf3 38. Rxe3 d2 39. Rd3 d1=Q 40. Rxd1 Bxd1 41. Bc7 Bxa4 42. Bxa5 Bb3 43. Bc3 Kf7 44. Kg3 Ke6 45. Kf4 Kf7 46. Ke3 Ke6 47. Kd4 Kf5 48. Kc5 g5 49. Bxf6 Kxf6 50. hxg5+ Kxg5 51. Kb4 Bd5 52. Kc5 Bh1 53. b4 Kf6 54. b5 Ke7 55. b6 Kd7 56. b7 Bxb7 1/2-1/2


[Site "https://www.chess.com"]

[Event "Titled Tuesday Blitz May 23 Early 2023"]
[White "Prohaszka, Peter"]
[Black "Urquhart, Ed"]
[WhiteFideId "726265"]
[BlackFideId "2603748"]
[WhiteElo "2626"]
[BlackElo "2184"]
[Result "1/2-1/2"]
[Round "01"]
[TimeControl "180+2"]
[Date "2023.05.23"]
[WhiteClock "0:00:10"]
[BlackClock "0:00:09"]

1. d4 Nf6 2. c3 d5 3. Nf3 Bf5 4. Bf4 e6 5. Qb3 Qc8 6. e3 Bd6 7. Bxd6 cxd6 8. Nbd2 O-O 9. Rc1 Nc6 10. Qa3 Qd7 11. Nh4 Bg4 12. h3 Bh5 13. g4 Bg6 14. Nxg6 hxg6 15. Bg2 b5 16. Qb3 Rab8 17. g5 Nh5 18. Bf3 a5 19. Qd1 b4 20. c4 dxc4 21. Rxc4 d5 22. Rc5 Rfc8 23. Bxh5 gxh5 24. Qxh5 g6 25. Qe2 Ne7 26. Nb3 Nf5 27. Rxc8+ Rxc8 28. Nc5 Qe7 29. Qa6 Rf8 30. h4 e5 31. Qf6 Qxf6 32. gxf6 exd4 33. exd4 Nxd4 34. Kd2 Rc8 35. Rc1 Nf3+ 36. Ke3 Nxh4 37. Kd4 Rc6 38. Kxd5 Rxf6 39. Ne4 Rf5+ 40. Kd6 Kg7 41. Rc5 Rf4 42. Ke5 Rf5+ 43. Kd4 Rf4 44. Ke3 Rf3+ 45. Ke2 Rh3 46. Rxa5 Nf5 47. Nd2 Rh4 48. Rb5 g5 49. Kf1 Rd4 50. Rxf5 Rxd2 51. Rxg5+ Kf6 52. Rb5 Rxb2 53. Kg2 Ke6 54. Kg3 Kd6 55. f4 Kc6 56. Rb8 Kc5 57. Kg4 Rxa2 58. Kg5 Rf2 59. f5 Kc4 60. Kf6 Kc3 61. Rb5 b3 62. Kxf7 b2 63. f6 Rf4 64. Rxb2 Kxb2 65. Kg7 Rg4+ 66. Kh8 Rh4+ 67. Kg7 Rg4+ 68. Kh8 Kc3 69. f7 Rh4+ 70. Kg7 Rg4+ 71. Kf6 Rf4+ 72. Ke7 Kd4 73. f8=Q Rxf8 74. Kxf8 1/2-1/2


[Site "https://www.chess.com"]

[Event "Titled Tuesday Blitz May 23 Early 2023"]
[White "Makhmudov, Shukhrat"]
[Black "Starozhilov, Leonid"]
[WhiteFideId "14200775"]
[BlackFideId "14106752"]
[WhiteElo "2135"]
[BlackElo "2352"]
[Result "0-1"]
[Round "01"]
[TimeControl "180+2"]
[Date "2023.05.23"]
[WhiteClock "0:01:25"]
[BlackClock "0:01:10"]

1. e4 g6 2. d4 Bg7 3. Nc3 d6 4. Be3 a6 5. Qd2 b5 6. a3 Bb7 7. O-O-O Nd7 8. Kb1 e6 9. f3 h5 10. h4 Ne7 11. Nh3 c6 12. Ng5 Qc7 13. d5 cxd5 14. exd5 e5 15. Bd3 Nb6 16. Bxb5+ axb5 17. Nxb5 Qd8 18. Qb4 O-O 19. Bxb6 Qxb6 20. Nxd6 Qxb4 21. axb4 Bxd5 22. c4 Bc6 23. b5 Bd7 24. Ndxf7 Bf5+ 25. Kc1 Rxf7 26. Nxf7 Kxf7 27. Rd6 Bh6+ 28. Kd1 Ra1+ 29. Ke2 Rxh1 30. b6 Rb1 31. c5 Rxb2+ 32. Ke1 Nc8 33. Rc6 Nxb6 34. cxb6 Be3 35. g4 Bd3 0-1


[Site "https://www.chess.com"]

[Event "Titled Tuesday Blitz May 23 Early 2023"]
[White "Radzhabov, Rodion"]
[Black "LeoLV10"]
[WhiteFideId "884715"]
[WhiteElo "2215"]
[BlackElo "2380"]
[Result "1-0"]
[Round "01"]
[TimeControl "180+2"]
[Date "2023.05.23"]
[WhiteClock "0:00:25"]
[BlackClock "0:00:29"]

1. e4 c6 2. Nc3 d5 3. Qe2 dxe4 4. Nxe4 Nf6 5. Nxf6+ gxf6 6. Nf3 h5 7. d4 Bf5 8. c3 Nd7 9. Nh4 Bh7 10. f4 e6 11. f5 Qe7 12. g3 exf5 13. Bh3 Qxe2+ 14. Kxe2 O-O-O 15. Bf4 Re8+ 16. Kd3 Be7 17. Rae1 Bd8 18. Bxf5 Bxf5+ 19. Nxf5 Bc7 20. Bd6 b6 21. b4 Re6 22. Bxc7 Kxc7 23. Re3 Nf8 24. Rhe1 Rxe3+ 25. Rxe3 Ne6 26. Rf3 Ng5 27. Rf1 Kd7 28. Nh4 Ke7 29. Re1+ Kd7 30. Rf1 Ke7 31. Nf5+ Kd7 32. a4 Ne6 33. Ne3 Ke7 34. d5 cxd5 35. Nxd5+ Kd6 36. Nxf6 h4 37. g4 Ke7 38. Nd5+ Kd6 39. Ne3 Ke7 40. Nf5+ Kd7 41. Kc4 a6 42. Kb3 Rg8 43. Rd1+ Kc7 44. h3 Ng5 45. Rd3 Rh8 46. c4 Ne6 47. Rf3 Ng5 48. Re3 Ne6 49. Kc3 Kc6 50. Nd4+ Nxd4 51. Kxd4 Rd8+ 52. Kc3 Rd1 53. Rf3 Rc1+ 54. Kd4 Rd1+ 55. Ke5 Rc1 56. b5+ axb5 57. cxb5+ Kc5 58. Kf6 Rc4 59. Kxf7 Rxa4 60. g5 Kxb5 61. g6 Ra7+ 62. Kf6 Ra8 63. g7 Kc4 64. Kf7 b5 65. g8=Q Rxg8 66. Kxg8 b4 67. Kg7 b3 68. Rf8 Kc3 69. Rb8 Kc2 70. Kg6 b2 71. Kg5 b1=Q 72. Rxb1 Kxb1 73. Kxh4 Kc2 74. Kg5 Kd3 75. h4 Ke4 76. h5 Ke5 77. Kg6 Ke6 78. Kg7 Ke7 79. h6 Ke6 80. h7 Kf5 81. h8=Q Kg5 82. Qh6+ 1-0


[Site "https://www.chess.com"]

[Event "Titled Tuesday Blitz May 23 Early 2023"]
[White "Kirillov, Dmitry"]
[Black "Gheorghiu, Calin"]
[WhiteFideId "34180572"]
[BlackFideId "1200305"]
[WhiteElo "2161"]
[BlackElo "2223"]
[Result "1/2-1/2"]
[Round "01"]
[TimeControl "180+2"]
[Date "2023.05.23"]
[WhiteClock "0:00:02"]
[BlackClock "0:00:00"]

1. e4 c5 2. Nc3 d6 3. f4 g6 4. Nf3 Bg7 5. Bc4 e6 6. d3 Ne7 7. O-O O-O 8. Qe1 d5 9. Bb3 Nbc6 10. f5 gxf5 11. Qh4 Ng6 12. Qxd8 Rxd8 13. exd5 Nd4 14. Bg5 Nxb3 15. axb3 Rd7 16. dxe6 fxe6 17. Rfe1 Rf7 18. Nb5 h6 19. Be3 b6 20. Nd6 Rd7 21. Nxc8 Rxc8 22. Bd2 Bxb2 23. Ra2 Bg7 24. Rxe6 Kf7 25. Rxg6 Kxg6 26. Nh4+ Kf6 27. Ra1 Ke6 28. Re1+ Kd5 29. Nxf5 Bd4+ 30. Kh1 Rf8 31. g4 h5 32. h3 hxg4 33. hxg4 a5 34. Kg2 Ra8 35. Kf3 a4 36. bxa4 Rxa4 37. c3 Bf6 38. c4+ Kc6 39. Re6+ Kb7 40. Rxf6 Rxd3+ 41. Ke2 Rd7 42. Rd6 Rxd6 43. Nxd6+ Kc6 44. Nf5 Rxc4 45. Ne3 Re4 46. Kd3 Re6 47. g5 b5 48. Ng4 c4+ 49. Kd4 Rd6+ 50. Kc3 Rd3+ 51. Kc2 Rg3 52. Nf6 b4 53. Ne4 Rg2 54. Kc1 Kd5 55. Nf6+ Kd4 56. Bxb4 Rxg5 57. Nd7 c3 58. Bxc3+ Kxc3 59. Nb6 1/2-1/2


[Site "https://www.chess.com"]

[Event "Titled Tuesday Blitz May 23 Early 2023"]
[White "Begmuratov, Alisher"]
[Black "Matveeva, Olga"]
[WhiteFideId "14203367"]
[BlackFideId "24107018"]
[WhiteElo "2387"]
[BlackElo "2009"]
[Result "0-1"]
[Round "01"]
[TimeControl "180+2"]
[Date "2023.05.23"]
[WhiteClock "0:00:07"]
[BlackClock "0:00:04"]

1. d4 Nf6 2. Nf3 g6 3. Nc3 d5 4. h4 c6 5. Bg5 Bg7 6. Bxf6 Bxf6 7. h5 Bf5 8. e3 Nd7 9. Bd3 Bxd3 10. Qxd3 e5 11. dxe5 Nxe5 12. Nxe5 Bxe5 13. hxg6 hxg6 14. Rxh8+ Bxh8 15. O-O-O Qg5 16. g3 O-O-O 17. Kb1 Qf6 18. Qe2 Bg7 19. a3 Rh8 20. e4 dxe4 21. Qxe4 Qxf2 22. Na4 Qxg3 23. Rf1 Qe5 24. Qxe5 Bxe5 25. Rxf7 Rg8 26. Nc5 g5 27. Rf5 Bc7 28. Nd3 g4 29. Ne1 g3 30. Ng2 Rh8 31. Ka2 Rh2 32. Rf8+ Kd7 33. Rf7+ Kd8 34. Ne3 Re2 35. Nf5 g2 36. Rg7 Bb6 37. Nd6 g1=Q 38. Nxb7+ Ke8 39. Nd6+ Kf8 40. Rxg1 Bxg1 41. c3 Ke7 42. Nc4 Ke6 43. a4 Kd5 44. Kb3 Re4 45. Nd2 Rh4 46. Nc4 Rh2 47. Na3 Be3 48. Nc2 Bc1 49. Nb4+ Kd6 50. Nd3 Be3 51. Kc4 c5 52. b4 cxb4 53. cxb4 Kc6 54. Kb3 Kb6 55. Ne5 Rh3 56. Nc4+ Kc6 57. Na5+ Kd5 58. Kc2 Bd4 59. Kb1 Be5 60. Kc2 Bf6 61. b5 Kc5 62. Nc6 Kc4 63. Nxa7 Rh2+ 64. Kd1 Kd3 65. Ke1 Ke3 66. Kd1 Bd4 67. Nc6 Kd3 0-1


[Site "https://www.chess.com"]

[Event "Titled Tuesday Blitz May 23 Early 2023"]
[White "Melikhov, Evgeny V."]
[Black "Alex_Sahakyan2006"]
[WhiteFideId "4122046"]
[WhiteElo "2158"]
[BlackElo "2690"]
[Result "0-1"]
[Round "01"]
[TimeControl "180+2"]
[Date "2023.05.23"]
[WhiteClock "0:00:08"]
[BlackClock "0:00:08"]

1. d4 Nf6 2. c4 c5 3. d5 b5 4. cxb5 a6 5. b6 d6 6. Nc3 Nbd7 7. a4 Nxb6 8. a5 Nbd7 9. e4 g6 10. Nf3 Bg7 11. Be2 O-O 12. O-O Rb8 13. Nd2 Ne8 14. Nc4 Nc7 15. Bg5 h6 16. Bd2 Nb5 17. Na4 Nd4 18. Bc3 Ne5 19. Ncb6 Nd7 20. Nc4 Nf6 21. f3 Nh5 22. Re1 f5 23. exf5 Bxf5 24. Bd3 Bxd3 25. Qxd3 Nf4 26. Qe4 Rf5 27. Nab6 e6 28. dxe6 Nfxe6 29. Nd5 Ng5 30. Ne7+ Kh7 31. Qd3 Rf6 32. Nd5 Rf7 33. h4 Ngxf3+ 34. gxf3 Nxf3+ 35. Kg2 Qxh4 36. Rh1 Qg4+ 37. Kf1 Re8 38. Bxg7 Nh2# 0-1


[Site "https://www.chess.com"]

[Event "Titled Tuesday Blitz May 23 Early 2023"]
[White "Gorovets, Andrey"]
[Black "Kabilov, Amin"]
[WhiteFideId "13504037"]
[BlackFideId "14700859"]
[WhiteElo "2459"]
[BlackElo "2110"]
[Result "1-0"]
[Round "01"]
[TimeControl "180+2"]
[Date "2023.05.23"]
[WhiteClock "0:01:00"]
[BlackClock "0:00:08"]

1. Nf3 Nf6 2. c4 g6 3. g3 Bg7 4. d4 O-O 5. Bg2 d6 6. Nc3 Nbd7 7. O-O e5 8. e4 c6 9. h3 exd4 10. Nxd4 Nc5 11. Re1 Re8 12. Nb3 Nxb3 13. axb3 Be6 14. Bf4 Qb6 15. Na4 Qa5 16. Bxd6 Rad8 17. e5 Nd7 18. Nc5 Qb6 19. Nxd7 Rxd7 20. c5 Qxb3 21. Qxb3 Bxb3 22. Rxa7 Be6 23. Rea1 f6 24. Ra8 Rxa8 25. Rxa8+ Kf7 26. f4 fxe5 27. fxe5 Bf5 28. Bf1 Be6 29. b4 Bd5 30. h4 Ke6 31. Bh3+ Kf7 32. Bxd7 1-0


[Site "https://www.chess.com"]

[Event "Titled Tuesday Blitz May 23 Early 2023"]
[White "Hercegovac, Neven"]
[Black "Srihari L R"]
[WhiteFideId "2839135"]
[BlackFideId "46617116"]
[WhiteElo "2075"]
[BlackElo "2334"]
[Result "1/2-1/2"]
[Round "01"]
[TimeControl "180+2"]
[Date "2023.05.23"]
[WhiteClock "0:00:35"]
[BlackClock "0:01:01"]

1. Nf3 g6 2. e4 Bg7 3. d4 d6 4. c3 Nf6 5. Bd3 O-O 6. O-O Nc6 7. Re1 e5 8. h3 h6 9. Be3 Nh5 10. Nbd2 Bd7 11. Bf1 Nf4 12. Bxf4 exf4 13. a4 g5 14. Nh2 Rb8 15. Qh5 Qf6 16. Ng4 Qg6 17. Qxg6 fxg6 18. Bc4+ Kh7 19. f3 h5 20. Nf2 a6 21. a5 Ne7 22. Nd3 Ng8 23. e5 dxe5 24. Nxe5 Bf5 25. Ne4 Bxe4 26. Rxe4 Nf6 27. Re2 c5 28. dxc5 Rbc8 29. Bd3 Rxc5 30. Nxg6 Rd8 31. Bc2 Kg8 32. Ne7+ Kf7 33. Nf5 Bf8 34. Nd4 Rcc8 35. Bb3+ Kg6 36. Bc2+ Kf7 37. Bb3+ Kg6 38. Bc2+ Kf7 1/2-1/2


[Site "https://www.chess.com"]

[Event "Titled Tuesday Blitz May 23 Early 2023"]
[White "Zhu, Jiner"]
[Black "Fernandez Garcia, Gumersindo"]
[WhiteFideId "8608059"]
[BlackFideId "24516740"]
[WhiteElo "2384"]
[BlackElo "2093"]
[Result "1-0"]
[Round "01"]
[TimeControl "180+2"]
[Date "2023.05.23"]
[WhiteClock "0:00:55"]
[BlackClock "0:00:10"]

1. c4 e5 2. Nc3 Nf6 3. g3 c6 4. d4 e4 5. Bg2 d5 6. e3 Bb4 7. cxd5 cxd5 8. Ne2 Nc6 9. O-O O-O 10. a3 Bd6 11. b4 a5 12. b5 Ne7 13. a4 Bg4 14. Ba3 Rc8 15. Qb3 Bxa3 16. Qxa3 Nd7 17. Nf4 Nb6 18. h3 Be6 19. Rfc1 Nc4 20. Qa2 Qd7 21. Kh2 b6 22. Bf1 g5 23. Nxe4 dxe4 24. Nxe6 Qxe6 25. Bxc4 Qf5 26. Bf1 h5 27. Bg2 Nd5 28. Qd2 Nb4 29. Kg1 Nd3 30. Rd1 Nb4 31. Rac1 Kg7 32. Rxc8 Rxc8 33. d5 Rc2 34. Qd4+ f6 35. Rd2 Rc1+ 36. Kh2 Rc5 37. Qxe4 Qd7 38. d6 Re5 39. Qb7 Qxb7 40. Bxb7 Re8 41. d7 Rd8 42. Rd6 Kf7 43. Bc8 Ke7 44. Rxb6 Nd5 45. Ra6 Nc7 46. Rxa5 Ne6 47. b6 Nc5 48. b7 1-0


[Site "https://www.chess.com"]

[Event "Titled Tuesday Blitz May 23 Early 2023"]
[White "Van Foreest, Machteld"]
[Black "Domingo Nunez, Ruben"]
[WhiteFideId "1051563"]
[BlackFideId "22245570"]
[WhiteElo "2018"]
[BlackElo "2404"]
[Result "0-1"]
[Round "01"]
[TimeControl "180+2"]
[Date "2023.05.23"]
[WhiteClock "0:00:21"]
[BlackClock "0:00:37"]

1. e4 g6 2. d4 Bg7 3. Nf3 c6 4. c4 d5 5. cxd5 cxd5 6. e5 Nc6 7. Nc3 Bg4 8. Bb5 Rc8 9. h3 Bxf3 10. Qxf3 e6 11. O-O Qb6 12. Rd1 a6 13. Ba4 Ne7 14. Bg5 Nf5 15. Bxc6+ Rxc6 16. g4 Nxd4 17. Qf4 Bxe5 18. Qe3 f6 19. Bh6 Nc2 20. Qxb6 Rxb6 21. Rac1 Rxb2 22. Na4 Rxa2 23. Nc5 Kf7 24. Rd2 Nb4 25. Rb1 Rxd2 26. Bxd2 a5 27. Nxb7 Rb8 28. Nxa5 Nd3 29. Rd1 Nb2 30. Rc1 Nd3 31. Rd1 Nf4 32. Nc6 Rb2 33. Bc1 Rc2 34. Nxe5+ fxe5 35. Bxf4 exf4 36. Rd4 g5 37. h4 h6 38. hxg5 hxg5 39. Kg2 Kf6 40. Ra4 Rc6 41. Kf3 e5 42. Ra5 e4+ 43. Kg2 Ke5 0-1


[Site "https://www.chess.com"]

[Event "Titled Tuesday Blitz May 23 Early 2023"]
[White "Itgelt, Khuyagtsogt"]
[Black "Goswami, Vedant"]
[WhiteFideId "4902912"]
[BlackFideId "5003725"]
[WhiteElo "2227"]
[BlackElo "2011"]
[Result "1/2-1/2"]
[Round "01"]
[TimeControl "180+2"]
[Date "2023.05.23"]
[WhiteClock "0:00:28"]
[BlackClock "0:01:14"]

1. d4 g6 2. c4 Bg7 3. g3 d6 4. Bg2 c6 5. Nc3 Bd7 6. Nf3 Qc8 7. h4 h5 8. e4 Nh6 9. O-O Bh3 10. Re1 Bxg2 11. Kxg2 Ng4 12. Bf4 Nd7 13. e5 dxe5 14. Nxe5 Ngxe5 15. dxe5 Nc5 16. Ne4 Nxe4 17. Rxe4 Qe6 18. Qb3 O-O-O 19. Re3 Rd7 20. a4 Rhd8 21. a5 Rd4 22. a6 b6 23. Rc1 c5 24. Ree1 Qc6+ 25. Qf3 Qxf3+ 26. Kxf3 e6 27. Ke2 Re4+ 28. Kf1 Red4 29. Ke2 Re4+ 30. Kf1 Red4 31. Ke2 1/2-1/2


[Site "https://www.chess.com"]

[Event "Titled Tuesday Blitz May 23 Early 2023"]
[White "Travadon, Loic"]
[Black "Stoleriu, George"]
[WhiteFideId "26092131"]
[BlackFideId "1227505"]
[WhiteElo "2405"]
[BlackElo "2308"]
[Result "0-1"]
[Round "01"]
[TimeControl "180+2"]
[Date "2023.05.23"]
[WhiteClock "0:00:05"]
[BlackClock "0:00:12"]

1. d4 Nf6 2. g4 Nxg4 3. e4 d5 4. Be2 Nf6 5. e5 Ng8 6. c3 c6 7. Nd2 Bf5 8. Nf1 e6 9. Ng3 Bg6 10. h4 h6 11. Be3 Ne7 12. h5 Bh7 13. f4 Nf5 14. Nxf5 Bxf5 15. Bd3 Bxd3 16. Qxd3 Qb6 17. Qd2 c5 18. Nf3 Nc6 19. a3 cxd4 20. Bxd4 Bc5 21. Rg1 Bxd4 22. Nxd4 Nxd4 23. cxd4 O-O-O 24. Rxg7 Rhg8 25. Rc1+ Kb8 26. Rxg8 Rxg8 27. Rc3 Qd8 28. Kd1 Qh4 29. Kc2 Qxh5 30. Kb3 Rc8 31. Rxc8+ Kxc8 32. Qc2+ Kb8 33. Qc5 Qd1+ 34. Ka2 Qd3 35. Qd6+ Kc8 36. Qf8+ Kd7 37. Qxf7+ Kd8 38. Qf8+ Kc7 39. Qd6+ Kc8 40. Qxe6+ Kb8 41. Qd6+ Kc8 42. Qc5+ Kb8 43. Qf8+ Kc7 44. Qg7+ Kb6 45. Qg2 Qc4+ 46. b3 Qxd4 47. e6 Qe3 48. f5 d4 49. f6 Qxe6 50. Qf2 Qf7 51. Qxd4+ Kc7 52. Qe5+ Kd7 53. Kb2 Qe6 54. Qxe6+ Kxe6 55. Kc3 Kxf6 56. Kd4 Kf5 57. Kd5 h5 58. Kd6 h4 59. Kc7 h3 60. Kxb7 h2 61. Kxa7 h1=Q 62. b4 Qd5 63. a4 Qc4 64. a5 Qxb4 65. a6 Qb5 0-1


[Site "https://www.chess.com"]

[Event "Titled Tuesday Blitz May 23 Early 2023"]
[White "Pacan-Milej, Kosma"]
[Black "Topalov, Aleksandar"]
[WhiteFideId "21800537"]
[BlackFideId "925659"]
[WhiteElo "2302"]
[BlackElo "2151"]
[Result "1-0"]
[Round "01"]
[TimeControl "180+2"]
[Date "2023.05.23"]
[WhiteClock "0:01:17"]
[BlackClock "0:00:45"]

1. d4 Nf6 2. c4 c5 3. d5 d6 4. Nc3 g6 5. e4 Bg7 6. h3 O-O 7. Nf3 Na6 8. Bd3 Nc7 9. O-O e5 10. dxe6 Nxe6 11. Be3 Nd7 12. Qd2 Ne5 13. Nxe5 dxe5 14. Nd5 Nd4 15. f4 exf4 16. Bxf4 Be6 17. Bg5 f6 18. Bf4 Bxd5 19. exd5 Re8 20. Rae1 Qd7 21. Bg3 f5 22. Qf4 b6 23. Qc7 Qxc7 24. Bxc7 Kf7 25. b4 Rxe1 26. Rxe1 Re8 27. Rxe8 Kxe8 28. bxc5 bxc5 29. Bb8 a6 30. Kf2 Kd7 31. g4 fxg4 32. hxg4 Bf8 33. Be5 Bd6 34. Bg7 Ke7 35. Ke3 Bh2 36. Ke4 Kd6 37. Bf8+ Kd7 38. Bxc5 1-0


[Site "https://www.chess.com"]

[Event "Titled Tuesday Blitz May 23 Early 2023"]
[White "Herzog2012"]
[Black "Mendez Fortes, Eduardo Jesus"]
[BlackFideId "3502376"]
[WhiteElo "2360"]
[BlackElo "2307"]
[Result "0-1"]
[Round "01"]
[TimeControl "180+2"]
[Date "2023.05.23"]
[WhiteClock "0:00:02"]
[BlackClock "0:01:48"]

1. e4 c5 2. Nf3 d6 3. d4 cxd4 4. Nxd4 Nf6 5. Nc3 a6 6. Bc4 e6 7. O-O Be7 8. Qf3 O-O 9. Bb3 Nc6 10. Nxc6 bxc6 11. Qg3 e5 12. Bh6 Nh5 13. Qf3 Nf6 14. Qg3 Ng4 15. Bd2 Kh8 16. h3 Nf6 17. Rad1 Qc7 18. Bg5 h6 19. Bxf6 Bxf6 20. Rd3 a5 21. Rfd1 Be7 22. Qf3 Be6 23. Qe2 Bc8 24. Qf3 f5 25. Qg3 f4 26. Qg6 Bd7 27. Rxd6 Bxd6 28. Qxd6 Qxd6 29. Rxd6 Rad8 30. Be6 Bxe6 31. Rxe6 Rd2 32. Rxe5 f3 33. g4 Rxc2 34. Rxa5 Rxb2 35. Rc5 Rd8 36. e5 Rdd2 37. Ne4 Re2 38. Rc4 Rb1+ 39. Kh2 Rbe1 40. Nc3 Rxf2+ 41. Kg3 Rc2 42. Rc5 f2 43. e6 f1=Q 44. e7 Qf2# 0-1


[Site "https://www.chess.com"]